 Dungeon Crawl Stone Soup version 0.31-a0-1096-g246cf0196b (webtiles) character file.

Game seed: 17429034451973362333

1890611 MackTheKnife the Hoplite (level 25, 189/189 (195) HPs)
             Began as a Demonspawn Gladiator on Nov 29, 2023.
             Was the Champion of Ru.
             Escaped with the Orb
             ... and 3 runes!
             The game lasted 01:47:29 (52833 turns).

MackTheKnife the Hoplite (Demonspawn Gladiator)    Turns: 52833, Time: 01:47:29

HP:   189/189 (195) AC: 18    Str: 22    XL:     25   Next: 49%
MP:   20/20         EV: 24    Int: 10    God:    Ru [******]
Gold: 4361          SH: 40    Dex: 22    Spells: 24/24 levels left

rFire   + . .        a - +9 broad axe (heavy) {axe}
rCold   . . .        z - +10 tower shield of Ignorance {rN+ Int-4}
rNeg    + + .        g - +4 Cigotuvi's embrace {Corpsefed rMiasma Drain rN+}
rPois   +            (helmet unavailable)
rElec   +            (cloak unavailable)
rCorr   +            (gloves unavailable)
SInv    +            m - +2 pair of boots {rampage}
Will    +++++        L - amulet of Ifack {+Blink Will+ Regen+ rCorr} Stlth
                     N - ring of Hard Scrabble {rPois Dex+2 SInv Stlth+}
HPRegen 1.31/turn    G - ring of Tilodop {rElec rF+ Will++ Int+5}
MPRegen 0.17/turn

%: clarity, rampage
@: lightly drained
A: antennae 3, foul stench 2, icemail 2, augmentation 3, no stealth, inability
to use devices, hated by all, inability to train armour, no air magic, no
conjurations magic, no transmutations magic, condensation shield, weakness
stinger 3, demonic touch 3, hooves 1, camouflage 1, clarity, deterioration 1,
frail 1, low MP 1, strong-willed 1, wild magic 1, MP-powered wands
0: Orb of Zot
}: 3/15 runes: barnacled, silver, gossamer
a: Renounce Religion, Draw Out Power, Power Leap, Apocalypse


You escaped.
You worshipped Ru.
Ru was exalted by your worship.
You visited 9 branches of the dungeon, and saw 47 of its levels.
You visited 1 bazaar.
You also visited: Sewer, Gauntlet, Ice Cave and Wizlab.

You collected 8695 gold pieces.
You spent 4334 gold pieces at shops.


Innate Abilities, Weirdness & Mutations

You have a pair of large antennae on your head. (SInv)
You sometimes emit foul miasma when damaged in melee.
A meltable icy envelope protects you from harm. (AC +8)
Your magical and physical power is greatly enhanced at high health.
You cannot be stealthy.
You cannot study or use magical devices.
You are hated by all.
You cannot train Armour skill.
You cannot study or cast Air magic.
You cannot study or cast Conjurations magic.
You cannot study or cast Transmutations magic.
A meltable shield of frost defends you. (SH +4)
You have a sharp stinger which inflicts weakening toxins.
Your touch may irresistibly damage your foes and sap their willpower.
You have large cloven feet.
Your skin changes colour to match your surroundings (Stealth+).
You possess an exceptional clarity of mind.
Your body sometimes deteriorates upon taking damage.
You are frail. (-10% HP)
Your magical capacity is low. (-10% MP)
You are strong-willed. (Will+)
Your spells are a little harder to cast, but a little more powerful.
You expend magic power (3 MP) to strengthen your wands.


   Skills:
 - Level 22.0 Fighting
 - Level 20.4(22.0) Axes
 - Level 14.0(18.9) Maces & Flails
 - Level 1.7 Throwing
 - Level 16.0 Dodging
 + Level 25.4 Shields


You had 24 spell levels left.
You didn't know any spells.
Your spell library contained the following spells:

 Spells                   Type           Power      Damage    Failure   Level
 Apportation              Tloc           0%         N/A       54%         1
 Freeze                   Ice            0%         1d3       54%         1
 Necrotise                Necr           0%         1d4       54%         1
 Sandblast                Erth           0%         2d4       54%         1
 Slow                     Hex            0%         N/A       54%         1
 Blink                    Tloc           0%         N/A       67%         2
 Ensorcelled Hibernation  Hex/Ice        0%         N/A       67%         2
 Jinxbite                 Hex            0%         N/A       67%         2
 Lesser Beckoning         Tloc           0%         N/A       67%         2
 Confusing Touch          Hex            0%         N/A       88%         3
 Frozen Ramparts          Ice            0%         1d1       88%         3
 Gell's Gravitas          Tloc           0%         N/A       88%         3
 Ozocubu's Armour         Ice            0%         N/A       88%         3
 Sigil of Binding         Hex            0%         N/A       88%         3
 Teleport Other           Tloc           0%         N/A       88%         3
 Vampiric Draining        Necr           0%         2d6       88%         3
 Volatile Blastmotes      Fire/Tloc      0%         2d10      88%         3
 Anguish                  Hex/Necr       0%         N/A       99%         4
 Dimensional Bullseye     Hex/Tloc       0%         N/A       99%         4
 Dispel Undead            Necr           0%         3d6       99%         4
 Manifold Assault         Tloc           0%         N/A       99%         4
 Olgreb's Toxic Radiance  Pois           0%         N/A       99%         4
 Passage of Golubria      Tloc           0%         N/A       99%         4
 Agony                    Necr           0%         N/A       100%        5
 Metabolic Englaciation   Hex/Ice        0%         N/A       100%        5
 Dispersal                Tloc           0%         N/A       100%        6
 Ozocubu's Refrigeration  Ice            0%         4d7       100%        7
 Discord                  Hex            0%         N/A       100%        8
 Disjunction              Tloc           0%         N/A       100%        8
 Ignition                 Fire           0%         3d3       100%        8
 Death's Door             Necr           0%         N/A       100%        9
 Shatter                  Erth           0%         3d5*      100%        9
 Magic Dart               Conj           Unusable   1d3       N/A         1
 Shock                    Conj/Air       Unusable   1d3       N/A         1
 Sting                    Tmut/Pois      Unusable   1d3       N/A         1
 Summon Small Mammal      Summ           Unusable   N/A       N/A         1
 Call Imp                 Summ           Unusable   N/A       N/A         2
 Cigotuvi's Dreadful Rot  Necr/Pois/Air  Unusable   N/A       N/A         2
 Momentum Strike          Conj/Tloc      Unusable   3d8       N/A         2
 Passwall                 Tmut/Erth      Unusable   N/A       N/A         2
 Poisonous Vapours        Pois/Air       Unusable   N/A       N/A         2
 Wereblood                Tmut           Unusable   N/A       N/A         2
 Dazzling Flash           Conj/Hex       Unusable   N/A       N/A         3
 Hailstorm                Conj/Ice       Unusable   3d3       N/A         3
 Ignite Poison            Fire/Tmut/Pois Unusable   N/A       N/A         3
 Mephitic Cloud           Conj/Pois/Air  Unusable   N/A       N/A         3
 Stone Arrow              Conj/Erth      Unusable   3d7       N/A         3
 Swiftness                Air            Unusable   N/A       N/A         3
 Tukima's Dance           Hex            Unusable   N/A       N/A         3
 Airstrike                Air            Unusable   2d(0-16)  N/A         4
 Animate Armour           Summ/Erth      Unusable   N/A       N/A         4
 Animate Dead             Necr           Unusable   N/A       N/A         4
 Brom's Barrelling Bould  Conj/Erth      Unusable   2d3       N/A         4
 Fulminant Prism          Conj/Hex       Unusable   3d5       N/A         4
 Iskenderun's Mystic Bla  Conj/Tloc      Unusable   2d3       N/A         4
 Alistair's Intoxication  Tmut/Pois      Unusable   N/A       N/A         5
 Freezing Cloud           Conj/Ice/Air   Unusable   6-21      N/A         5
 Irradiate                Conj/Tmut      Unusable   3d11      N/A         5
 Silence                  Hex/Air        Unusable   N/A       N/A         5
 Summon Mana Viper        Hex/Summ       Unusable   N/A       N/A         5
 Death Channel            Necr           Unusable   N/A       N/A         6
 Eringya's Noxious Bog    Tmut/Pois      Unusable   4d6       N/A         6
 Simulacrum               Ice/Necr       Unusable   N/A       N/A         6
 Infestation              Necr           Unusable   N/A       N/A         8
 Lehudib's Crystal Spear  Conj/Erth      Unusable   10d2      N/A         8
 Chain Lightning          Conj/Air       Unusable   N/A       N/A         9
 Fire Storm               Conj/Fire      Unusable   5d1       N/A         9

Inventory:

Hand Weapons
 a - a +9 heavy broad axe (weapon) {axe}
   (You found it on level 2 of the Orcish Mines)
Missiles
 d - 2 javelins {throwing}
 w - a throwing net {=f!fthrowing}
Armour
 g - the +4 Cigotuvi's embrace (worn) {Corpsefed rMiasma Drain rN+}
   (You found it in a wizard's laboratory)

   Corpsefed: It gathers nearby corpses to temporarily increase the armour it
   provides.
   rMiasma:   It protects you from foul pestilence.
   rN+:       It protects you from negative energy.
   Drain:     It drains your maximum health when unequipped.
 m - a +2 pair of boots of rampaging (worn)
   (You found it in an ice cave)
 y - the +3 robe of Clouds {*Thunder rCloud rElec}
   (You found it on level 1 of the Spider Nest)

   *Thunder:  It occasionally creates storm clouds above nearby enemies.
   rCloud:    It grants its wearer immunity to clouds.
   rElec:     It insulates you from electricity.
 z - the +10 tower shield of Ignorance (worn) {rN+ Int-4}
   (You found it on level 2 of the Orcish Mines)

   Int-4:     It affects your intelligence (-4).
   rN+:       It protects you from negative energy.
Jewellery
 u - a ring of flight
   (You found it on level 6 of the Dungeon)
 G - the ring of Tilodop (right hand) {rElec rF+ Will++ Int+5}
   (You took it off an orc on level 9 of the Dungeon)

   [ring of protection from fire]

   Int+5:     It affects your intelligence (+5).
   rF+:       It protects you from fire.
   rElec:     It insulates you from electricity.
   Will++:    It greatly increases your willpower.
 H - a ring of protection from fire
   (You found it on level 3 of the Lair of Beasts)
 K - the amulet of Aqetew {rF+ rC+ Regen+ SInv}
   (You found it in a Gauntlet)

   [amulet of regeneration]

   rF+:       It protects you from fire.
   rC+:       It protects you from cold.
   SInv:      It lets you see invisible.
   Regen+:    It increases your rate of health regeneration.
 L - the amulet of Ifack (around neck) {+Blink Will+ Regen+ rCorr}
   (You found it in a Gauntlet)

   [amulet of regeneration]

   Will+:     It increases your willpower.
   +Blink:    It lets you blink.
   Regen+:    It increases your rate of health regeneration.
   rCorr:     It protects you from acid and corrosion.
 N - the ring of Hard Scrabble (left hand) {rPois Dex+2 SInv Stlth+}
   (You bought it in a shop on level 2 of the Orcish Mines)

   [ring of poison resistance]

   Dex+2:     It affects your dexterity (+2).
   rPois:     It protects you from poison SInv: It lets you see invisible.
   Stlth+:    It makes you more stealthy.
Scrolls
 f - 4 scrolls of silence {!r}
 i - 2 scrolls of brand weapon
 j - 14 scrolls of poison {!r}
 k - 9 scrolls of teleportation {@r4}
 n - 2 scrolls of fog
 o - 11 scrolls of fear
 q - 10 scrolls of blinking {!r}
 r - 7 scrolls of vulnerability {!r!r}
 A - 6 scrolls of enchant armour
 B - a scroll of revelation
 E - 8 scrolls of immolation {!r!r}
Potions
 b - 7 potions of ambrosia
 c - 7 potions of mutation {!q}
 e - 4 potions of enlightenment
 h - 4 potions of invisibility
 l - 6 potions of resistance
 p - a potion of berserk rage {!q}
 s - 8 potions of haste {@q3}
 t - 4 potions of cancellation
 v - 28 potions of curing {@q1}
 x - 17 potions of heal wounds {@q2}
 D - 3 potions of magic
 F - a potion of might

Dungeon Overview and Level Annotations

Branches:
Dungeon (15/15)            Temple (0/1) D:5            Lair (5/5) D:10
 Shoals (4/4) Lair:2       Spider (4/4) Lair:2        Slime (0/5) Lair:4
    Orc (2/2) D:9             Elf (3/3) Orc:2        Vaults (5/5) D:14
  Crypt (0/3) Vaults:3     Depths (4/4) D:15            Zot (5/5) Depths:4
  Sewer (visited)           IceCv (visited)          WizLab (visited)
Gauntlet (visited)

Altars:
Ashenzari
Cheibriados
Dithmenos
Kikubaaqudgha
Nemelex Xobeh
Okawaru
Qazlal
Ru
Sif Muna
Trog
Uskayaw
Vehumet
Xom
Lugonu

Shops:
D:7 ?   D:9 [   D:10 (   D:13 ?   Orc:1 *(*([   Orc:2 **=*[   Elf:1 :=
Vaults:1 ?   Vaults:2 [[(?   Vaults:5 !!   Depths:3 [(?

Portals:
Hell: Depths:1 Depths:2 Depths:3 Depths:4
Abyss: Depths:1 Depths:3
Pandemonium: Depths:2
Ziggurat: Depths:2

Annotations:
D:15 Roxanne
Lair:4 1 runed translucent door
Spider:1 1 runed translucent door BLINK SCROLL, Docwa's ghost, adept OpBr
Orc:2 1 runed translucent door

#.## #.#. #..# #.#.
#############.#############.#'
#.........................#..{
#.#####.#####.#####.#####.#...
#..###...###...###...###..#...
#...#.....#.....#.....#...#...
#....#####.....).#####....#...
#.....###....@....###.....####
##.....#...........#.....#...#
##.....#####.#####.....##.#.#
##.....###...###.....##.....
##.....#.....#.....###.....
##.....#####.....####.....
##.....###...............
##.....#.....#.#######.#
##.........#........).#


There were no monsters in sight!


Message History

You enter the shallow water.
Moving in this stuff is going to be slow.
Your corpse armour falls away.
There is a staircase back to the Dungeon here.
You climb upwards.
Welcome back to the Dungeon!
Level annotation: Roxanne
There is a staircase to the Depths here.
There is an open door here.
You sense a monster nearby. 😎 HP[+1]
Your hp is fully restored (187).
No target in view!
A chaos spawn comes into view.
The chaos spawn howls!
There is an open door here.
You see here a +0 rapier {short}.
You barely miss the chaos spawn.
Your tail-slap misses the chaos spawn.
You block the chaos spawn's attack.
You carve the chaos spawn like a ham!!!
You kill the chaos spawn!
The chaos spawn degenerates into a cloud of primal chaos!
No target in view!
There is a stone staircase leading up here.
You climb upwards.
There is a stone staircase leading down, spattered with blood here.
There is an open door here.
There is an open door here.
There is a stone staircase leading up here.
You climb upwards.
There is a stone staircase leading down here.
There is a stone staircase leading up here.
You climb upwards.
There is a stone staircase leading down here.
An Orb Guardian comes into view.
There is a stone staircase leading up here.
You climb upwards.
There is a stone staircase leading down here.
There is a stone staircase leading up here.
You climb upwards.
There is a stone staircase leading down here.
There is a stone staircase leading up here.
You climb upwards.
There is a stone staircase leading down here.
There is an open door, spattered with blood here.
There is an open door here.
There is a stone staircase leading up here.
You climb upwards.
There is a stone staircase leading down here.
Things that are here:
a +0 robe; a +4 battleaxe {axe}
There is a stone staircase leading up here.
You climb upwards.
There is a stone staircase leading down here.
A lorocyproca comes into view.
The lorocyproca gives a chilling moan.
You rampage towards the lorocyproca!
You rampage towards the lorocyproca!
You slash the lorocyproca! You tail-slap the lorocyproca!
The lorocyproca looks weaker.
The lorocyproca completely misses you.
You slash the lorocyproca!
Your tail-slap misses the lorocyproca.
You block the lorocyproca's attack.
You slice the lorocyproca like a ripe choko!!!!
You kill the lorocyproca!
You now have 188 max hp (+1).
No target in view!
You see here 8 stones {throwing}.
There is a stone staircase leading up here.
You climb upwards.
There is a stone staircase leading down here.
There is a stone staircase leading up here.
You climb upwards.
There is a stone staircase leading down here.
There is a stone staircase leading up here.
You climb upwards.
There is a stone staircase leading down here.
You sense a monster nearby. 😎 HP[+1]
Your hp is fully restored (188).
A sixfirhy comes into view.
There is a stone staircase leading up here.
The sixfirhy is stunned by your conviction and fails to attack.
You block the sixfirhy's attack.
You can't go up here!
You block the sixfirhy's attack. x3
There is a stone staircase leading up here.
You climb upwards.
There is a stone staircase leading down here.
You chop the sixfirhy into pieces!!!
You kill the sixfirhy!
You now have 189 max hp (+1).
There is a stone staircase leading up here.
You climb upwards.
There is a stone staircase leading down here.
There is a stone staircase leading up here.
You climb upwards.
There is a stone staircase leading down here. 😎 HP[+1]
Your hp is fully restored (189).
There is a staircase leading out of the dungeon here.
You have escaped!

Skill      XL: |  1  2  3  4  5  6  7  8  9 10 11 12 13 14 15 16 17 18 19 20 21 22 23 24 25 |
---------------+----------------------------------------------------------------------------+-----
Stealth        | 1 2 0 |  0.0
Maces & Flails | 3 4 5 6 7 8 12 13 14 | 14.0
Fighting       | 4 5 7 9 10 12 13 14 16 18 20 21 22 | 22.0
Dodging        | 3 5 6 8 9 10 11 12 14 16 | 16.0
Armour         | 2 4 5 6 0 |  0.0
Shields        | 5 12 13 16 17 20 21 22 24 25 | 25.4
Axes           | 10 14 15 19 20 | 20.4
Throwing       | |  1.7

Action                     |  1- 3 |  4- 6 |  7- 9 | 10-12 | 13-15 | 16-18 | 19-21 | 22-24 | 25-27 || total
---------------------------+-------+-------+-------+-------+-------+-------+-------+-------+-------++-------
  Melee: Flail             |   158 |   226 |   373 |   790 |  2322 |  1133 |       |       |       ||  5002
         Punch             |       |     3 |     8 |    13 |    28 |       |       |       |       ||    52
         Touch             |       |       |   101 |   211 |   408 |       |       |       |       ||   720
         Tailslap          |       |       |    66 |   170 |   552 |   477 |   211 |   251 |    34 ||  1761
         Broad axe         |       |       |       |       |       |   898 |   944 |   993 |   146 ||  2981
  Throw: Javelin           |     1 |     1 |     2 |     9 |     5 |       |       |       |       ||    18
         Throwing net      |       |     3 |       |       |       |       |       |       |       ||     3
         Dart              |       |       |       |     2 |       |       |       |       |       ||     2
 Invoke: Sacrifice Arcana  |       |     1 |       |       |       |       |       |       |       ||     1
         Sacrifice Artific |       |       |     1 |       |       |       |       |       |       ||     1
         Sacrifice Love    |       |       |       |     1 |       |       |       |       |       ||     1
         Draw Out Power    |       |       |       |     3 |     4 |     3 |     3 |     2 |     1 ||    16
         Apocalypse        |       |       |       |     1 |     4 |     8 |     9 |    10 |       ||    32
         Sacrifice Durabil |       |       |       |     1 |       |       |       |       |       ||     1
         Reject Sacrifices |       |       |       |     1 |       |       |       |       |       ||     1
         Sacrifice Stealth |       |       |       |       |     1 |       |       |       |       ||     1
    Use: Scroll            |     5 |     3 |    17 |     3 |     7 |     7 |     7 |     9 |     2 ||    60
         Potion            |       |     1 |       |     2 |     4 |     6 |    11 |     5 |    10 ||    39
   Stab: Sleeping          |     6 |       |     3 |     6 |     1 |       |       |       |       ||    16
         Held in net/web   |       |     3 |       |       |       |       |       |       |       ||     3
         Distracted        |       |       |     1 |       |    15 |    16 |     5 |     7 |     2 ||    46
         Invisible         |       |       |     1 |     9 |    15 |    19 |     2 |     6 |     9 ||    61
         Petrified         |       |       |       |       |     4 |     5 |       |       |       ||     9
         Paralysed         |       |       |       |       |     6 |    21 |    21 |    20 |       ||    68
         Confused          |       |       |       |       |       |     1 |       |       |       ||     1
         Petrifying        |       |       |       |       |       |       |       |     1 |       ||     1
 Armour: Leather armour    |    65 |     2 |       |       |       |       |       |   260 |    30 ||   357
         Ring mail         |       |   131 |   190 |   319 |   667 |   355 |       |       |       ||  1662
         Robe              |       |       |       |       |       |   199 |   221 |    58 |       ||   478
  Dodge: Dodged            |    90 |   187 |   302 |   519 |  1298 |   637 |   261 |   327 |    27 ||  3648
  Block: Other             |    29 |    39 |    59 |   101 |   216 |       |       |       |       ||   444
         Tower shield      |       |       |       |       |   786 |  3528 |  1157 |  1446 |   130 ||  7047
         Buckler           |       |       |       |       |     3 |       |       |       |       ||     3

Levels and vault maps discovered:
D:1:      onia_arrival_pyramid, layout_basic
D:2:      layout_loops_ring, corexii_leaking_fountain, minmay_quadrilaterals
D:3:      layout_rooms, mainiacjoe_overflow_small_starburst,
          trog_three_pillars_becter, kennysheep_orc_sif_temple,
          general_overflow_altar, mainiacjoe_overflow_concentric_impassable,
          mainiacjoe_overflow_brackets, serial_glass, glass_columns_a,
          glass_columns_a, kennysheep_nondescript, kennysheep_generic_room_7
D:4:      layout_basic, mainiacjoe_overflow_alcove_4,
          cheibrodos_sewer_entry_sluice
D:5:      layout_rooms, nicolae_overflow_hidden_temple, amcnicky_altar_gilded,
          overflow_temple_1_default, minmay_temple_entry_tees
D:6:      layout_rooms, okawaru_ov_weapons_minmay, fedhas_altar_4,
          marbit_many_paths, roadster_capsule_ark_zombie, uniq_grinder
D:7:      gammafunk_corrupted_shrine, layout_layer_cave, serial_shops,
          shop_fountains
D:8:      layout_cave_pools
D:9:      layout_roguey, cheibriados_altar_1, erik_orc_2, hellmonk_scale_shop
D:10:     nzn_winding_woodlands_large [nzn_winding_woodlands_5x5_open_star,
          nzn_winding_woodlands_5x15_sidewinder,
          nzn_winding_woodlands_hourglass,
          nzn_winding_woodlands_center_diamonds,
          nzn_winding_woodlands_15x15_eel_pit,
          nzn_winding_woodlands_center_lodge, nzn_winding_woodlands_5x5_cross,
          nzn_winding_woodlands_5x15_parted, nzn_winding_woodlands_5x5_three],
          layout_long_grid, nicolae_hepliaklqana_hippocampus, serial_shops,
          nicolae_shop_mannequins, minmay_misc_feat_diagonals,
          grunt_ministairs_3, st_stairs_8
D:11:     layout_gridville, kennysheep_generic_room_11
D:12:     layout_cave_pods, minmay_crystal_room
D:13:     kennysheep_snake, layout_basic, serial_shops, shop_statue, uniq_azrael
D:14:     layout_stronghold, hellmonk_vaults_keyhole, minmay_misc_feat_alley,
          hangedman_decor_push
D:15:     grunt_enter_depths_snipers, layout_basic, minmay_ruined_shrine,
          uniq_roxanne, uniq_louise
Lair:1:   layout_chaotic_city, uniq_erica
Lair:2:   layout_cave_pods, mainiacjoe_shoals_entry_four_pools,
          spider_nest_entry_webs, lemuel_fruit_tree, grunt_megastairs_1
Lair:3:   layout_loops_ring, grunt_megastairs_3, serial_bayou_shore_a,
          serial_bayou_shore_b
Lair:4:   layout_roguey, slime_entry_2
Lair:5:   hellmonk_lair_end_abyssal_woods, layout_regular_city,
          serial_bayou_pond_b, serial_bayou_pond_b, nicolae_lair_liquid_snakes,
          infiniplex_staircase_pool_2
Shoals:1: layout_shoals
Shoals:2: layout_shoals, nicolae_shoals_spectral_cove
Shoals:3: layout_shoals, lemuel_altar_in_water, uniq_ilsuiw
Shoals:4: shoals_end_hangedman, layout_shoals, serial_shops, bzr_entry_safe,
          uniq_polyphemus
Spider:1: layout_spider_delve, ebering_ghost_inner_flame,
          hangedman_spider_tarantella_strand
Spider:2: layout_spider_delve, hangedman_stitches_earthworm
Spider:3: layout_spider_delve, portal_ice_cave_entry_pillars_1, uniq_aizul
Spider:4: grunt_spider_rune_circles, uniq_arachne, uniq_asterion
Orc:1:    layout_caves, basic_altar, serial_shops, shop, shop, shop,
          nicolae_diamond_shop, nicolae_specific_store, uniq_erolcha,
          uniq_fannar, uniq_sonja
Orc:2:    grunt_orc_tribal_feast, layout_diamond_mine, gauntlet_entry_generic,
          serial_shops, shop, chequers_guarded_unrand_ignorance
Elf:1:    minmay_elf_arrival_summoners, layout_gridlike, serial_shops, shop,
          special_room [special_room_orc], lightli_enter_wizlab_magi_temple,
          hangedman_elven_crosses_minicolossus,
          nicolae_shop_i_like_small_books_too
Elf:2:    nicolae_elf_blades_crystal_corner, layout_loops_cross, serial_shops,
          nicolae_shop_rolled_up, basic_altar, hangedman_elf_represent,
          uniq_donald
Elf:3:    elf_hall_gauntlet_narrow, layout_onion_city, drop_trap
Vaults:1: nicolae_vaults_mitosis, nicolae_vaults_three_branches, v_misc_16,
          nicolae_vaults_specimen_jars, vaults_dpeg_emergency_exit,
          v_alt_pattern_5, layout_vaults_chaotic_city, serial_shops, shop
Vaults:2: vaults_dpeg_encased_lava, nicolae_vaults_wine_cellar,
          nicolae_vaults_triangles, v_alt_pattern_2,
          nicolae_vaults_network_periphery, grunt_vaults_diagonal,
          serial_library_hellmonk_open_square,
          nicolae_vaults_windows_and_doors_thing,
          nicolae_vaults_little_squares_2, nicolae_vaults_storage_closets_3,
          v_misc_19, layout_vaults_omnicross, serial_shops, shop, shop, shop,
          nicolae_shop_advertising_works [nicolae_subvault_shop_adworks],
          uniq_boris
Vaults:3: nicolae_vaults_tetromino_L_1, nicolae_vaults_big_ls,
          vaults_mumra_hexcomb, ontoclasm_vaults_decontamination,
          dpeg_vaults_hating_casters, nicolae_vaults_trapezoid_2,
          layout_vaults_omnigrid, minmay_crypt_entry_skeletal_spiral
Vaults:4: ontoclasm_vaults_ring_square, nicolae_vaults_variable_pillar_hall,
          v_misc_30, hangedman_vaults_nails, nicolae_vaults_security_offices_4,
          vaults_room_grunt_arrival_ludios, hangedman_vaults_variations,
          nicolae_vaults_apartment_1, nicolae_vaults_lightning_bolt,
          nicolae_vaults_more_shelving_2, nicolae_vaults_oval_intersection,
          v_misc_8, hangedman_vaults_stretched_pinwheel, layout_vaults_omnibox,
          uniq_margery
Vaults:5: serial_shops
Depths:1: layout_basic, serial_corexii_hall, corexii_hall_statues_s,
          corexii_hall_statues_deadend, nicolae_abyss_entry_one_way_or_another,
          minmay_misc_feat_four_crosses, pf_coc_iceberg,
          chequers_serial_rivers_micro_e, kennysheep_another_room
Depths:2: kennysheep_scales, layout_gridlike, enter_ziggurat_e,
          rand_demon_pan_entry_8, hell_entry
Depths:3: minmay_connected_boxes_in_corner, layout_cross, hell_entry,
          abyss_entry, hangedman_decor_opposing, nicolae_ashenzari_panopticon,
          minmay_shoptagon, grunt_megastairs_5, infiniplex_staircase_pillars_1,
          uniq_sojobo, uniq_mennas
Depths:4: grunt_zot_entry_funnels, layout_basic, kennysheep_pointless_box,
          hell_entry
Zot:1:    layout_misc_corridors, regret_index_zotdec_wing_it
Zot:2:    grunt_twist_and_shout, layout_concentric_octagons
Zot:3:    layout_basic, grunt_megastairs_4, lemuel_elevator, uniq_vv
Zot:4:    hangedman_zot_vaults_quadrants, layout_cathedral_of_symmetry
Zot:5:    layout_misc_corridors, skrybe_zot_glass_3

Notes
Turn   | Place    | Note
-------+----------+-------------------------------------------
     0 | D:1      | MackTheKnife the Demonspawn Gladiator began the quest for
                  | the Orb.
     0 | D:1      | Reached XP level 1. HP: 16/16 MP: 1/1
     0 | D:1      | magus.rc [v1.9.6]
   161 | D:1      | Reached skill level 1 in Stealth
   282 | D:1      | Gained mutation: A meltable shield of frost defends you.
                  | (SH +4) [demonic ancestry]
   282 | D:1      | Reached XP level 2. HP: 22/22 MP: 2/2
   369 | D:1      | Reached skill level 2 in Stealth
   550 | D:1      | Reached skill level 3 in Maces & Flails
   792 | D:1      | You feel monstrous as your demonic heritage exerts itself.
   792 | D:1      | Discovered your monstrous ancestry.
   792 | D:1      | Gained mutation: You have a pair of small antennae on your
                  | head. [demonic ancestry]
   792 | D:1      | Reached XP level 3. HP: 23/27 MP: 3/3
  1795 | D:3      | Reached skill level 4 in Maces & Flails
  1795 | D:3      | Gained mutation: A meltable icy envelope protects you from
                  | harm. (AC +8) [demonic ancestry]
  1795 | D:3      | Reached XP level 4. HP: 23/33 MP: 4/4
  1910 | D:3      | Found a shimmering altar of Xom.
  1970 | D:3      | Found a sacrificial altar of Ru.
  1991 | D:3      | Found a bloodstained altar of Trog.
  2008 | D:3      | Became a worshipper of Ru the Awakened
  2363 | D:3      | Found a shimmering blue altar of Sif Muna.
  2479 | D:3      | magus.rc [v1.9.6]
  2560 | D:4      | Found a glowing drain.
  2579 | Sewer    | Entered a sewer
  2755 | Sewer    | Reached XP level 5. HP: 37/38 MP: 5/5
  2843 | Sewer    | Reached skill level 5 in Maces & Flails
  3131 | Sewer    | magus.rc [v1.9.6]
  3172 | Sewer    | Reached XP level 6. HP: 37/44 MP: 6/6
  3238 | Sewer    | Reached skill level 6 in Maces & Flails
  3382 | D:4      | Reached skill level 3 in Fighting
  3383 | D:4      | Gained mutation: You cannot study or cast Air magic. [Ru
                  | sacrifice]
  3383 | D:4      | Gained mutation: You cannot study or cast Transmutations
                  | magic. [Ru sacrifice]
  3383 | D:4      | Gained mutation: You cannot study or cast Conjurations
                  | magic. [Ru sacrifice]
  3383 | D:4      | Reached * piety under Ru
  3493 | D:3      | magus.rc [v1.9.6]
  3617 | D:4      | Reached skill level 4 in Fighting
  3617 | D:4      | Reached skill level 3 in Dodging
  3617 | D:4      | Gained mutation: Your touch may inflict minor irresistible
                  | damage on your foes. [demonic ancestry]
  3617 | D:4      | Reached XP level 7. HP: 47/54 MP: 7/7
  3812 | D:4      | Found a shadowy altar of Dithmenos.
  4187 | D:5      | Entered Level 5 of the Dungeon
  4202 | D:5      | Identified the +3 ring mail of the Insatiable Wars {rElec
                  | rC+++ Str-2 Dex+2}
  4231 | D:5      | Found a hide-covered altar of Uskayaw.
  4282 | D:5      | Reached skill level 4 in Dodging
  4296 | D:5      | Found a broken altar of Ashenzari.
  4473 | D:5      | Found a stormy altar of Qazlal.
  4511 | D:5      | Found a staircase to the Ecumenical Temple.
  4619 | D:6      | Noticed Grinder
  4667 | D:6      | Reached skill level 5 in Fighting
  4675 | D:6      | Found an iron altar of Okawaru.
  4858 | D:6      | Reached skill level 5 in Dodging
  4858 | D:6      | Gained mutation: You have a small tail. [demonic ancestry]
  4858 | D:6      | Reached XP level 8. HP: 64/64 MP: 8/8
  4883 | D:6      | Reached skill level 6 in Fighting
  4973 | D:6      | Found a basalt altar of Yredelemnul.
  4974 | D:6      | Noticed a flying skull
  5021 | D:6      | Killed a flying skull
  5040 | D:6      | Reached skill level 6 in Dodging
  5045 | D:6      | Reached skill level 7 in Fighting
  5060 | D:6      | Reached skill level 1 in Armour
  5078 | D:6      | Paralysed by Grinder for 4 turns
  5107 | D:6      | Killed Grinder
  5108 | D:6      | Reached skill level 2 in Armour
  5108 | D:6      | Gained mutation: You have a pair of antennae on your head.
                  | [demonic ancestry]
  5108 | D:6      | Reached XP level 9. HP: 67/72 MP: 9/9
  5219 | D:6      | Found a blossoming altar of Fedhas.
  5514 | D:6      | Found a radiant altar of Vehumet.
  5569 | D:7      | Gained mutation: You cannot study or use magical devices.
                  | [Ru sacrifice]
  5569 | D:7      | Reached ** piety under Ru
  5569 | D:7      | Reached *** piety under Ru
  5586 | D:7      | Found a transporter.
  5591 | D:7      | Found a transporter.
  5591 | D:7      | Found a corrupted altar of Lugonu.
  5592 | D:7      | Noticed a white ugly thing
  5592 | D:7      | Noticed a white ugly thing
  5593 | D:7      | Noticed a brown ugly thing
  5644 | D:7      | Reached skill level 3 in Armour
  5719 | D:7      | Reached skill level 8 in Fighting
  5869 | D:7      | Found Zieleq's Magic Scroll Shop.
  5881 | D:7      | Bought a scroll of identify for 26 gold pieces
  5881 | D:7      | Bought a scroll of identify for 26 gold pieces
  5881 | D:7      | Bought a scroll of identify for 26 gold pieces
  5881 | D:7      | Bought a scroll of identify for 26 gold pieces
  5881 | D:7      | Bought a scroll of enchant armour for 97 gold pieces
  5898 | D:7      | Reached skill level 7 in Dodging
  6624 | D:8      | Reached skill level 4 in Armour
  6878 | D:8      | Reached skill level 9 in Fighting
  7239 | D:9      | Reached skill level 8 in Dodging
  7275 | D:9      | Gained mutation: You may rarely emit foul miasma when
                  | damaged in melee. [demonic ancestry]
  7275 | D:9      | Reached XP level 10. HP: 83/83 MP: 10/10
  7284 | D:9      | Gained mutation: You are hated by all. [Ru sacrifice]
  7284 | D:9      | Reached **** piety under Ru
  7418 | D:9      | Reached skill level 10 in Fighting
  7479 | D:9      | Identified the ring of Tilodop {rElec rF+ Will++ Int+5}
  7806 | D:9      | Found Foele's Superior Scales.
  7931 | D:9      | Found a snail-covered altar of Cheibriados.
  7947 | D:9      | Reached skill level 5 in Armour
  7974 | D:9      | Reached skill level 7 in Maces & Flails
  8154 | D:9      | Found a staircase to the Orcish Mines.
  8190 | D:10     | Entered Level 10 of the Dungeon
  8190 | D:10     | Noticed a two-headed ogre
  8245 | D:10     | Reached skill level 9 in Dodging
  8261 | D:9      | Killed a two-headed ogre
  8318 | D:10     | Reached XP level 11. HP: 90/90 MP: 11/11
  8325 | D:10     | Reached skill level 6 in Armour
  8349 | D:10     | Noticed a two-headed ogre
  8356 | D:10     | Killed a two-headed ogre
  8381 | D:10     | Reached skill level 8 in Maces & Flails
  8403 | D:10     | Noticed a flayed ghost
  8576 | D:10     | Noticed a +0 great mace
  8577 | D:10     | Found Sium Faf's Weapon Shop.
  8578 | D:10     | Noticed a +0 giant club
  8684 | D:10     | Noticed a two-headed ogre
  8703 | D:10     | Killed a two-headed ogre
  8704 | D:10     | Reached skill level 10 in Dodging
  8776 | D:10     | Found a staircase to the Lair.
  9018 | D:10     | Noticed a two-headed ogre
  9194 | D:10     | Killed a two-headed ogre
  9195 | D:10     | Reached skill level 11 in Fighting
  9234 | D:10     | Killed a flayed ghost
  9339 | D:10     | Noticed a centaur warrior
  9363 | D:10     | Killed a centaur warrior
  9372 | D:10     | Reached skill level 12 in Fighting
  9395 | D:10     | Noticed a skeletal warrior
  9439 | D:10     | Killed a skeletal warrior
  9469 | D:10     | Noticed a red ugly thing
  9494 | D:10     | Killed a red ugly thing
  9637 | D:10     | Noticed a boulder beetle
  9663 | D:10     | Killed a boulder beetle
  9664 | D:10     | Gained mutation: You have a tail ending in a sharp stinger.
                  | [demonic ancestry]
  9664 | D:10     | Reached XP level 12. HP: 73/102 MP: 12/12
  9727 | D:10     | Noticed a deep troll earth mage
  9737 | D:10     | Killed a deep troll earth mage
  9738 | D:10     | Reached skill level 9 in Maces & Flails
  9902 | Lair:1   | Entered Level 1 of the Lair of Beasts
  9903 | Lair:1   | magus.rc [v1.9.6]
 10073 | Lair:1   | Gained mutation: You cannot train Armour skill. [Ru
                  | sacrifice]
 10073 | Lair:1   | Reduced skill Armour to level 0
 10073 | Lair:1   | Reached ***** piety under Ru
 10244 | Lair:1   | Noticed Erica
 10249 | Lair:1   | Reached skill level 10 in Maces & Flails
 10271 | Lair:1   | Killed Erica
 10693 | Lair:1   | magus.rc [v1.9.6]
 10784 | Lair:2   | Reached skill level 11 in Maces & Flails
 11113 | Lair:2   | Reached skill level 12 in Maces & Flails
 11311 | Lair:2   | Found a hole to the Spider Nest.
 11900 | Lair:2   | Found a staircase to the Shoals.
 12121 | Lair:3   | Noticed a four-headed hydra
 12238 | Lair:3   | Killed a four-headed hydra
 12239 | Lair:3   | Reached skill level 11 in Dodging
 12366 | Lair:3   | Gained mutation: You sometimes emit foul miasma when
                  | damaged in melee. [demonic ancestry]
 12366 | Lair:3   | Reached XP level 13. HP: 99/108 MP: 13/13
 12624 | Lair:3   | You pick up a book of Armaments and begin reading...
 13355 | Lair:4   | Found a runed translucent door.
 13356 | Lair:4   | Found a staircase to the Slime Pits.
 13356 | Lair:4   | Noticed an acid blob
 13356 | Lair:4   | Noticed an acid blob
 13697 | Lair:4   | Reached skill level 13 in Fighting
 13790 | Lair:4   | Reached skill level 13 in Maces & Flails
 14057 | Lair:5   | Entered Level 5 of the Lair of Beasts
 14307 | Lair:5   | Reached skill level 12 in Dodging
 14958 | Lair:5   | Gained mutation: You have a sharp stinger which inflicts
                  | weakening toxins. [demonic ancestry]
 14958 | Lair:5   | Reached XP level 14. HP: 117/119 MP: 14/14
 15384 | Orc:1    | Entered Level 1 of the Orcish Mines
 15385 | Orc:1    | Noticed Fannar
 15408 | Orc:1    | Noticed Erolcha
 15458 | D:9      | Killed Fannar
 15511 | Orc:1    | Killed Erolcha
 15672 | Orc:1    | Found Mutroe's Weapon Emporium.
 15787 | Orc:1    | Found Rikoat's General Store.
 15789 | Orc:1    | Found Yssuh's Specific Store.
 15866 | Orc:1    | Noticed Sonja
 15868 | Orc:1    | Killed Sonja
 15874 | Orc:1    | Reached skill level 14 in Fighting
 16003 | Orc:1    | Gained mutation: You cannot be stealthy. [Ru sacrifice]
 16003 | Orc:1    | Reduced skill Stealth to level 0
 16003 | Orc:1    | Reached ****** piety under Ru
 16055 | Orc:2    | Entered Level 2 of the Orcish Mines
 16198 | Orc:2    | Found a runed translucent door.
 16216 | Orc:2    | Found the +10 tower shield of Ignorance {rN+ Int-4}
 16231 | Orc:2    | Found a runed translucent door.
 16242 | Orc:2    | Found a gate leading to a gauntlet.
 16249 | Gauntlet | Entered a Gauntlet
 16249 | Gauntlet | Found a runed translucent door.
 16249 | Gauntlet | Found a transporter.
 16249 | Gauntlet | Found a runed translucent door.
 16256 | Gauntlet | Found a transporter.
 16259 | Gauntlet | Found a transporter.
 16273 | Gauntlet | Found a transporter.
 16275 | Gauntlet | Found a transporter.
 16283 | Gauntlet | Found a transporter.
 16299 | Gauntlet | Found a runed translucent door.
 16301 | Gauntlet | Found a transporter.
 16312 | Gauntlet | Found a transporter.
 16313 | Gauntlet | Found a runed translucent door.
 16317 | Gauntlet | Found a transporter.
 16317 | Gauntlet | Found a transporter.
 16338 | Gauntlet | Found a transporter.
 16338 | Gauntlet | Found a transporter.
 16364 | Gauntlet | Found a transporter.
 16378 | Gauntlet | Found a transporter.
 16511 | Gauntlet | You add the spells Dimensional Bullseye, Passage of
                  | Golubria and Disjunction to your library.
 16511 | Gauntlet | Got Kecsith's Octavo of Position
 16535 | Gauntlet | Reached skill level 14 in Maces & Flails
 16556 | Gauntlet | Identified the amulet of Aqetew {rF+ rC+ Regen+ SInv}
 16623 | Gauntlet | Identified the +9 plate armour of the Game Afoot {Harm
                  | Rampage}
 16637 | Gauntlet | Reached skill level 13 in Dodging
 16647 | Gauntlet | Identified the amulet of Ifack {+Blink Will+ Regen+ rCorr}
 16650 | Gauntlet | Identified the +0 robe "Yceet" {Will- Int+3}
 16651 | Gauntlet | You add the spells Ensorcelled Hibernation and Discord to
                  | your library.
 16651 | Gauntlet | Got the Incunable of the Sphinx
 16672 | Orc:2    | Found a staircase to the Elven Halls.
 16843 | Orc:2    | Found Nizaoracvi's Armour Shoppe.
 17164 | Orc:1    | Found a shimmering altar of Xom.
 17164 | Orc:1    | Found Uceduuma's Weapon Shop.
 17167 | Orc:1    | Found Fudias's Armour Boutique.
 17179 | Orc:1    | magus.rc [v1.9.6]
 17194 | Orc:1    | Found Vifour's Assorted Antiques.
 17233 | Orc:1    | Bought a scroll of enchant weapon for 240 gold pieces
 17233 | Orc:1    | Bought a potion of heal wounds for 160 gold pieces
 17233 | Orc:1    | Bought a potion of heal wounds for 160 gold pieces
 17233 | Orc:1    | Bought a scroll of identify for 64 gold pieces
 17889 | Orc:1    | Reached skill level 14 in Dodging
 18074 | Orc:2    | Found Lefut's Assorted Antiques.
 18074 | Orc:2    | Found Huogoqe's General Store.
 18076 | Orc:2    | Found Jeawk's Jewellery Emporium.
 18076 | Orc:2    | Found Baugut's Assorted Antiques.
 18087 | Orc:2    | Bought a scroll of blinking for 135 gold pieces
 18089 | Orc:2    | Bought a brightly glowing scale mail for 288 gold pieces
 18089 | Orc:2    | Identified the +3 scale mail of Brilliance {rElec rPois
                  | rF+} (You bought it in a shop on level 2 of the Orcish
                  | Mines)
 18093 | Orc:2    | Bought a scroll of blinking for 217 gold pieces
 18095 | Orc:2    | Bought the ring of Hard Scrabble {rPois Dex+2 SInv Stlth+}
                  | for 611 gold pieces
 18140 | Orc:2    | Noticed an orc warlord
 18672 | D:10     | Reached skill level 1 in Shields
 18697 | D:11     | Reached skill level 2 in Shields
 19039 | D:11     | Reached skill level 3 in Shields
 19216 | D:11     | Reached skill level 4 in Shields
 19862 | D:12     | Reached skill level 5 in Shields
 20138 | D:12     | You pick up a book of Changes and begin reading...
 20380 | Orc:2    | Bought a scroll labelled GADWECVINIPT for 29 gold pieces
 20380 | Orc:2    | Bought a scroll of teleportation for 87 gold pieces
 20559 | D:7      | Reached XP level 15. HP: 105/127 MP: 15/15
 20577 | D:7      | Reached skill level 6 in Shields
 20597 | D:7      | Identified the ring of Midsummer {rC+ Str+6 Int+3 Dex+2
                  | Slay-6}
 20918 | D:13     | Reached skill level 7 in Shields
 21126 | D:13     | Noticed Azrael
 21171 | D:13     | Killed Azrael
 21315 | D:13     | Found Unyihifumu's Magic Scroll Emporium.
 21323 | D:13     | Bought a scroll of brand weapon for 161 gold pieces
 21356 | D:13     | Bought a scroll of revelation for 127 gold pieces
 21387 | D:13     | Reached skill level 8 in Shields
 21645 | D:13     | Reached skill level 9 in Shields
 21877 | D:13     | Noticed a fire giant
 21892 | D:13     | Killed a fire giant
 21895 | D:13     | Noticed a frost giant
 21909 | D:13     | Killed a frost giant
 21921 | D:13     | Reached skill level 10 in Shields
 21936 | D:13     | Noticed a fire giant
 21964 | D:13     | Killed a fire giant
 22998 | D:14     | Reached skill level 11 in Shields
 23284 | D:15     | Entered Level 15 of the Dungeon
 23493 | D:14     | Found a gate to the Vaults.
 23880 | D:15     | You pick up a book of Annihilations and begin reading...
 23883 | D:15     | Noticed Roxanne
 23968 | D:15     | Reached skill level 12 in Shields
 24094 | D:15     | Gained mutation: Your touch may inflict irresistible damage
                  | on your foes. [demonic ancestry]
 24094 | D:15     | Reached XP level 16. HP: 126/128 MP: 16/16
 24110 | D:15     | You pick up a book of the Warp and begin reading...
 24110 | D:15     | You add the spells Manifold Assault and Dispersal to your
                  | library.
 24364 | D:15     | Noticed Louise
 24397 | D:15     | Killed Louise
 24421 | D:15     | Found a sparkling altar of Nemelex Xobeh.
 24724 | D:15     | Reached skill level 1 in Axes
 24727 | D:15     | Found a staircase to the Depths.
 25215 | Spider:1 | Entered Level 1 of the Spider Nest
 25215 | Spider:1 | Noticed Docwa's ghost (adept OpBr)
 25215 | Spider:1 | Found a runed translucent door.
 25302 | Spider:1 | Reached skill level 2 in Axes
 25587 | Spider:1 | Found the +3 robe of Clouds {*Thunder rCloud rElec}
 25645 | Spider:1 | Reached skill level 13 in Shields
 25732 | Spider:1 | Gained mutation: You are dopey. (Int -2) [mutagenic glow]
 25870 | Spider:1 | Reached skill level 3 in Axes
 26266 | Spider:2 | You pick up a book of Debilitation and begin reading...
 26266 | Spider:2 | You add the spells Slow, Sigil of Binding, Vampiric
                  | Draining and Confusing Touch to your library.
 26286 | Spider:2 | Reached skill level 4 in Axes
 26443 | Spider:1 | Reached skill level 5 in Axes
 26758 | Spider:2 | Reached skill level 6 in Axes
 26759 | Spider:2 | Identified the +4 trident of the Eternal Warrior {speed,
                  | Will+}
 27187 | Spider:2 | Reached skill level 7 in Axes
 27527 | Spider:2 | Identified the +4 great sword of the Wasteland {freeze,
                  | MP-9 Dex+5}
 28155 | Spider:3 | Reached skill level 8 in Axes
 28160 | Spider:2 | HP: 25/113 [poisoned by a jorogumo]
 28165 | Spider:2 | HP: 19/114 [poisoned by a jorogumo]
 28170 | Spider:2 | HP: 20/114 [poisoned by a jorogumo]
 28275 | Spider:3 | Identified the serpent talisman of Beogh's Reproof {rC+
                  | Int+2}
 28275 | Spider:3 | Noticed Aizul
 28301 | Spider:3 | Killed Aizul
 28312 | Spider:3 | Found a frozen archway.
 28331 | IceCv    | Entered an ice cave
 28390 | IceCv    | Reached skill level 9 in Axes
 28761 | IceCv    | Found an ancient bone altar of Kikubaaqudgha.
 28777 | IceCv    | Reached skill level 10 in Axes
 28777 | IceCv    | Gained mutation: You have a pair of large antennae on your
                  | head. (SInv) [demonic ancestry]
 28777 | IceCv    | Reached XP level 17. HP: 110/140 MP: 17/17
 28911 | IceCv    | Noticed a lich
 28930 | IceCv    | Killed a lich
 29010 | IceCv    | You add the spells Metabolic Englaciation and Death's Door
                  | to your library.
 29010 | IceCv    | Got Faukemimn's Compendium of the Snowflakes and the Damned
 29127 | Spider:3 | You add the spells Ozocubu's Armour and Ozocubu's
                  | Refrigeration to your library.
 29713 | Spider:3 | Reached skill level 11 in Axes
 29782 | Spider:4 | Entered Level 4 of the Spider Nest
 29934 | Spider:4 | Noticed Arachne
 29950 | Spider:4 | Killed Arachne
 29967 | Spider:4 | Reached skill level 12 in Axes
 30054 | Spider:4 | Noticed Asterion
 30341 | Spider:3 | Killed Asterion
 30453 | Spider:4 | Identified the +1 battleaxe "Uvvaum" {heavy, Str+5}
 30473 | Spider:4 | Reached skill level 13 in Axes
 30844 | Spider:4 | Reached skill level 14 in Axes
 30961 | Spider:4 | Identified the +0 hat "Ynegafa" {Harm Dex+7 Stlth-}
 30988 | Spider:4 | Got a gossamer rune of Zot
 31296 | Shoals:1 | Entered Level 1 of the Shoals
 32162 | Shoals:1 | Lost mutation: You are dopey. (Int -2) [potion of mutation]
 32162 | Shoals:1 | Gained mutation: You possess an exceptional clarity of
                  | mind. [potion of mutation]
 32162 | Shoals:1 | Gained mutation: You are resistant to electric shocks.
                  | (rElec) [potion of mutation]
 32162 | Shoals:1 | Gained mutation: You occasionally lose the ability to read
                  | scrolls when taking damage. [potion of mutation]
 32162 | Shoals:1 | Gained mutation: You are partially covered in iridescent
                  | scales. (AC +2) [potion of mutation]
 32163 | Shoals:1 | Lost mutation: You are partially covered in iridescent
                  | scales. (AC +2) [potion of mutation]
 32163 | Shoals:1 | Lost mutation: You are resistant to electric shocks.
                  | (rElec) [potion of mutation]
 32163 | Shoals:1 | Gained mutation: You are partially covered in iridescent
                  | scales. (AC +2) [potion of mutation]
 32163 | Shoals:1 | Gained mutation: You are robust. (+10% HP) [potion of
                  | mutation]
 32163 | Shoals:1 | Gained mutation: Your muscles are strong. (Str +4, Int/Dex
                  | -1) [potion of mutation]
 32164 | Shoals:1 | Lost mutation: You possess an exceptional clarity of mind.
                  | [potion of mutation]
 32164 | Shoals:1 | Lost mutation: You are partially covered in iridescent
                  | scales. (AC +2) [potion of mutation]
 32164 | Shoals:1 | Gained mutation: You have a somewhat thin skeletal
                  | structure. (Dex +2, Stealth+) [potion of mutation]
 32164 | Shoals:1 | Gained mutation: Armour fits poorly on your strangely
                  | shaped body. [potion of mutation]
 32164 | Shoals:1 | Gained mutation: Your skin changes colour to match your
                  | surroundings (Stealth+). [potion of mutation]
 32164 | Shoals:1 | Gained mutation: You expend magic power (3 MP) to
                  | strengthen your wands. [potion of mutation]
 32165 | Shoals:1 | Lost mutation: Your muscles are strong. (Str +4, Int/Dex
                  | -1) [potion of mutation]
 32165 | Shoals:1 | Lost mutation: Armour fits poorly on your strangely shaped
                  | body. [potion of mutation]
 32165 | Shoals:1 | Lost mutation: You expend magic power (3 MP) to strengthen
                  | your wands. [potion of mutation]
 32165 | Shoals:1 | Gained mutation: Your flesh is cold resistant. (rC+)
                  | [potion of mutation]
 32165 | Shoals:1 | Gained mutation: Your flesh is heat resistant. (rF+)
                  | [potion of mutation]
 32166 | Shoals:1 | Lost mutation: You occasionally lose the ability to read
                  | scrolls when taking damage. [potion of mutation]
 32166 | Shoals:1 | Lost mutation: Your skin changes colour to match your
                  | surroundings (Stealth+). [potion of mutation]
 32166 | Shoals:1 | Lost mutation: You have a somewhat thin skeletal structure.
                  | (Dex +2, Stealth+) [potion of mutation]
 32166 | Shoals:1 | Gained mutation: Your muscles are strong. (Str +4, Int/Dex
                  | -1) [potion of mutation]
 32166 | Shoals:1 | Gained mutation: Your spells are a little harder to cast,
                  | but a little more powerful. [potion of mutation]
 32202 | Shoals:2 | Reached XP level 18. HP: 161/161 MP: 18/18
 32801 | Shoals:2 | Identified the +9 spear of Devotion {pain, Stlth+}
 33195 | Shoals:3 | Reached skill level 15 in Axes
 33199 | Shoals:3 | Reached skill level 14 in Shields
 33303 | Shoals:3 | Noticed Ilsuiw
 33314 | Shoals:3 | Killed Ilsuiw
 33391 | Shoals:3 | You add the spells Olgreb's Toxic Radiance and Ignition to
                  | your library.
 33995 | Shoals:4 | Entered Level 4 of the Shoals
 34227 | Shoals:4 | Noticed Polyphemus
 34241 | Shoals:4 | Killed Polyphemus
 34356 | Shoals:4 | Found a flickering gateway to a bazaar.
 34362 | Bazaar   | Entered a bazaar
 34362 | Bazaar   | Found Coobrey's Distillery.
 34362 | Bazaar   | Found Cyumank's Weapon Emporium.
 34362 | Bazaar   | Found Lutsijeg's General Store.
 34380 | Bazaar   | Bought a potion of heal wounds for 60 gold pieces
 34380 | Bazaar   | Bought 2 potions of haste for 240 gold pieces
 34388 | Bazaar   | Bought a scroll of teleportation for 45 gold pieces
 34554 | Shoals:4 | Identified the +7 tower shield "Povvujurch" {Int+5}
 34727 | Shoals:4 | Reached skill level 15 in Shields
 34804 | Shoals:4 | Got a barnacled rune of Zot
 35037 | Shoals:4 | You pick up a book of Air and begin reading...
 35478 | Vaults:1 | Entered Level 1 of the Vaults
 35774 | Vaults:1 | Reached skill level 16 in Shields
 35778 | Vaults:1 | Gained mutation: Your magical and physical power is
                  | slightly enhanced at high health. [demonic ancestry]
 35778 | Vaults:1 | Reached XP level 19. HP: 168/168 MP: 19/19
 36026 | Vaults:1 | Reached skill level 15 in Fighting
 36542 | Vaults:1 | Found Seumn's Magic Scroll Emporium.
 36550 | Vaults:1 | Bought a scroll of teleportation for 60 gold pieces
 36550 | Vaults:1 | Bought a scroll of revelation for 150 gold pieces
 36719 | Vaults:1 | magus.rc [v1.9.6]
 37109 | Vaults:2 | Found Coreizxo's Antique Armour Boutique.
 37191 | Vaults:2 | Found Ruerod's Weapon Boutique.
 37365 | Vaults:2 | Noticed Boris
 37368 | Vaults:2 | Reached skill level 17 in Shields
 37381 | Vaults:2 | Killed Boris
 37439 | Vaults:2 | Found Vouv's Armour Boutique.
 37607 | Vaults:2 | Reached skill level 16 in Fighting
 37732 | Vaults:2 | Found Tumacvoe's Magic Scroll Shop.
 37737 | Vaults:2 | Bought a scroll of enchant weapon for 105 gold pieces
 37737 | Vaults:2 | Bought a scroll of enchant weapon for 105 gold pieces
 38218 | Vaults:3 | You pick up a book of Geomancy and begin reading...
 38478 | Vaults:3 | Gained mutation: Your touch may irresistibly damage your
                  | foes and sap their willpower. [demonic ancestry]
 38478 | Vaults:3 | Reached XP level 20. HP: 174/175 MP: 20/20
 38505 | Vaults:3 | Reached skill level 17 in Fighting
 38518 | Vaults:3 | Reached skill level 18 in Shields
 38642 | Vaults:3 | Found a staircase to the Crypt.
 38676 | Vaults:3 | You pick up a book of Cantrips and begin reading...
 38676 | Vaults:3 | You add the spells Necrotise and Apportation to your
                  | library.
 39349 | Vaults:4 | Noticed Margery
 39356 | Vaults:4 | Killed Margery
 39383 | Vaults:4 | a +4 long sword {long}; +1 shadow dragon scales {rare}
 39554 | Vaults:4 | Reached skill level 18 in Fighting
 39877 | Vaults:4 | Reached skill level 19 in Shields
 40244 | Vaults:4 | Noticed a golden dragon
 40383 | Vaults:4 | Killed a golden dragon
 40686 | Elf:1    | Entered Level 1 of the Elven Halls
 40725 | Elf:1    | Found Luovos's Jewellery Boutique.
 40819 | Elf:1    | Reached skill level 20 in Shields
 40824 | Elf:1    | Reached XP level 21. HP: 194/194 MP: 21/21
 40831 | Elf:1    | Found a magical portal.
 40865 | WizLab   | Entered Cigotuvi's Fleshworks
 41041 | WizLab   | Got Cigotuvi's Vellum of Metamorphosis and Evil Magicks
 41308 | WizLab   | Gained mutation: You occasionally lose the ability to read
                  | scrolls when taking damage. [a shining eye]
 41315 | WizLab   | Lost mutation: Your spells are a little harder to cast, but
                  | a little more powerful. [potion of mutation]
 41315 | WizLab   | Lost mutation: Your flesh is heat resistant. (rF+) [potion
                  | of mutation]
 41315 | WizLab   | Lost mutation: Your flesh is cold resistant. (rC+) [potion
                  | of mutation]
 41315 | WizLab   | Gained mutation: Your natural rate of healing is unusually
                  | fast. [potion of mutation]
 41315 | WizLab   | Gained mutation: You are dopey. (Int -2) [potion of
                  | mutation]
 41315 | WizLab   | Gained mutation: Your flesh is heat resistant. (rF+)
                  | [potion of mutation]
 41316 | WizLab   | Lost mutation: You are dopey. (Int -2) [potion of mutation]
 41316 | WizLab   | Lost mutation: Your flesh is heat resistant. (rF+) [potion
                  | of mutation]
 41316 | WizLab   | Lost mutation: Your muscles are strong. (Str +4, Int/Dex
                  | -1) [potion of mutation]
 41316 | WizLab   | Gained mutation: You are partially covered in iridescent
                  | scales. (AC +2) [potion of mutation]
 41316 | WizLab   | Gained mutation: You expend magic power (3 MP) to
                  | strengthen your wands. [potion of mutation]
 41317 | WizLab   | Lost mutation: You are robust. (+10% HP) [potion of
                  | mutation]
 41317 | WizLab   | Lost mutation: You expend magic power (3 MP) to strengthen
                  | your wands. [potion of mutation]
 41317 | WizLab   | Gained mutation: Your body sometimes deteriorates upon
                  | taking damage. [potion of mutation]
 41317 | WizLab   | Gained mutation: You expend magic power (3 MP) to
                  | strengthen your wands. [potion of mutation]
 41317 | WizLab   | Gained mutation: A frigid envelope surrounds you and
                  | freezes all who hurt you. [potion of mutation]
 41318 | WizLab   | Lost mutation: A frigid envelope surrounds you and freezes
                  | all who hurt you. [potion of mutation]
 41318 | WizLab   | Lost mutation: You expend magic power (3 MP) to strengthen
                  | your wands. [potion of mutation]
 41318 | WizLab   | Gained mutation: You sometimes lose your temper in combat.
                  | [potion of mutation]
 41318 | WizLab   | Gained mutation: Your mind is acute. (Int +4, Str/Dex -1)
                  | [potion of mutation]
 41319 | WizLab   | Lost mutation: Your mind is acute. (Int +4, Str/Dex -1)
                  | [potion of mutation]
 41319 | WizLab   | Lost mutation: You occasionally lose the ability to read
                  | scrolls when taking damage. [potion of mutation]
 41319 | WizLab   | Gained mutation: You expend magic power (3 MP) to
                  | strengthen your wands. [potion of mutation]
 41320 | WizLab   | Lost mutation: Your natural rate of healing is unusually
                  | fast. [potion of mutation]
 41320 | WizLab   | Lost mutation: You are partially covered in iridescent
                  | scales. (AC +2) [potion of mutation]
 41320 | WizLab   | Gained mutation: You occasionally shout uncontrollably at
                  | your foes. [potion of mutation]
 41320 | WizLab   | Gained mutation: You have hidden genetic defects. [potion
                  | of mutation]
 41320 | WizLab   | Gained mutation: You are partially covered in iridescent
                  | scales. (AC +2) [potion of mutation]
 41321 | WizLab   | Lost mutation: You expend magic power (3 MP) to strengthen
                  | your wands. [potion of mutation]
 41321 | WizLab   | Lost mutation: You have hidden genetic defects. [potion of
                  | mutation]
 41321 | WizLab   | Lost mutation: Your body sometimes deteriorates upon taking
                  | damage. [potion of mutation]
 41321 | WizLab   | Gained mutation: You are dopey. (Int -2) [potion of
                  | mutation]
 41321 | WizLab   | Gained mutation: You are frail. (-10% HP) [potion of
                  | mutation]
 41321 | WizLab   | Gained mutation: Armour fits poorly on your strangely
                  | shaped body. [potion of mutation]
 41321 | WizLab   | Gained mutation: Your spells are a little harder to cast,
                  | but a little more powerful. [potion of mutation]
 41322 | WizLab   | Lost mutation: You are frail. (-10% HP) [potion of
                  | mutation]
 41322 | WizLab   | Lost mutation: You are dopey. (Int -2) [potion of mutation]
 41322 | WizLab   | Gained mutation: You occasionally lose the ability to read
                  | scrolls when taking damage. [potion of mutation]
 41322 | WizLab   | Gained mutation: You expend magic power (3 MP) to
                  | strengthen your wands. [potion of mutation]
 41322 | WizLab   | Gained mutation: Your spells are harder to cast, but more
                  | powerful. [potion of mutation]
 41323 | WizLab   | Lost mutation: You sometimes lose your temper in combat.
                  | [potion of mutation]
 41323 | WizLab   | Lost mutation: You are partially covered in iridescent
                  | scales. (AC +2) [potion of mutation]
 41323 | WizLab   | Gained mutation: You sometimes lose your temper in combat.
                  | [potion of mutation]
 41323 | WizLab   | Gained mutation: You are somewhat resistant to further
                  | mutation. [potion of mutation]
 41323 | WizLab   | Gained mutation: Your system is resistant to poisons.
                  | (rPois) [potion of mutation]
 41324 | WizLab   | Lost mutation: Your system is resistant to poisons. (rPois)
                  | [potion of mutation]
 41324 | WizLab   | Lost mutation: You occasionally shout uncontrollably at
                  | your foes. [potion of mutation]
 41324 | WizLab   | Lost mutation: Armour fits poorly on your strangely shaped
                  | body. [potion of mutation]
 41325 | WizLab   | Lost mutation: You are somewhat resistant to further
                  | mutation. [potion of mutation]
 41325 | WizLab   | Lost mutation: You expend magic power (3 MP) to strengthen
                  | your wands. [potion of mutation]
 41325 | WizLab   | Lost mutation: You occasionally lose the ability to read
                  | scrolls when taking damage. [potion of mutation]
 41325 | WizLab   | Gained mutation: Your natural rate of healing is unusually
                  | fast. [potion of mutation]
 41325 | WizLab   | Gained mutation: Your movements are slightly less
                  | encumbered by armour. (ER -2) [potion of mutation]
 41325 | WizLab   | Gained mutation: Your flesh is heat resistant. (rF+)
                  | [potion of mutation]
 41335 | WizLab   | Found the +4 Cigotuvi's embrace {Corpsefed rMiasma Drain
                  | rN+}
 41409 | WizLab   | Reached skill level 19 in Fighting
 41607 | Elf:1    | Paralysed by an air elemental for 1 turns
 41643 | Elf:1    | Found Dohemas's Tiny Tomes.
 42222 | Elf:2    | Found an ancient bone altar of Kikubaaqudgha.
 42228 | Elf:2    | Paralysed by an air elemental for 1 turns
 42324 | Elf:2    | You pick up a book of Decay and begin reading...
 42348 | Elf:2    | Found a runed translucent gate.
 42355 | Elf:2    | Found a runed translucent gate.
 42355 | Elf:2    | Found a runed translucent gate.
 42398 | Elf:2    | Reached skill level 20 in Fighting
 42998 | Elf:3    | Entered Level 3 of the Elven Halls
 43062 | Elf:3    | You pick up a book of the Moon and begin reading...
 43151 | Elf:3    | Paralysed by an air elemental for 1 turns
 43425 | Elf:3    | Identified the +3 war axe of Kippui {flame, Fragile rPois
                  | rC++ Stlth-}
 43950 | Elf:3    | Identified the +3 shortbow of the Valley {freeze, rElec
                  | rCorr Str+4 Stlth-}
 43953 | Elf:3    | Identified the +4 lajatang "Impslayer" {speed, rElec rPois
                  | Int+3 Dex-2}
 43957 | Elf:3    | You pick up a book of Minor Magic and begin reading...
 43960 | Elf:3    | You add the spells Gell's Gravitas and Teleport Other to
                  | your library.
 44043 | Elf:3    | Identified the staff of the Pit {rF+ Str+3 Fire}
 44049 | Elf:3    | You pick up a book of Annihilations and begin reading...
 44055 | Elf:3    | You pick up a book of Weapons and begin reading...
 44057 | Elf:3    | You pick up a book of Frost and begin reading...
 44057 | Elf:3    | You add the spells Freeze and Frozen Ramparts to your
                  | library.
 44062 | Elf:3    | Identified the staff "Fish" {Drain rN+ Will+ Int+4 Stlth+
                  | Necro}
 44531 | Vaults:5 | Entered Level 5 of the Vaults
 44538 | Vaults:5 | Gained mutation: Your magical and physical power is
                  | enhanced at high health. [demonic ancestry]
 44538 | Vaults:5 | Reached XP level 22. HP: 165/183 MP: 13/22
 44538 | Vaults:5 | Noticed a golden dragon
 44540 | Vaults:5 | Noticed an ancient lich
 44548 | Vaults:4 | Killed a golden dragon
 44587 | Vaults:5 | Reached skill level 15 in Dodging
 44633 | Vaults:5 | Reached skill level 21 in Fighting
 44681 | Vaults:5 | Killed an ancient lich
 44682 | Vaults:5 | Reached skill level 21 in Shields
 45081 | Vaults:5 | You pick up a book of Cantrips and begin reading...
 45084 | Vaults:5 | Got a silver rune of Zot
 45292 | Vaults:5 | Noticed an ancient lich
 45304 | Vaults:5 | Reached skill level 16 in Dodging
 45310 | Vaults:5 | Killed an ancient lich
 45530 | Vaults:5 | Found Ifrioner's Distillery.
 45534 | Vaults:5 | Bought a potion of heal wounds for 110 gold pieces
 45534 | Vaults:5 | Bought a potion of heal wounds for 110 gold pieces
 45534 | Vaults:5 | Bought a potion of cancellation for 176 gold pieces
 45534 | Vaults:5 | Bought a potion of haste for 220 gold pieces
 45534 | Vaults:5 | Bought a potion of might for 88 gold pieces
 45577 | Vaults:5 | Found Pemularo's Distillery.
 45581 | Vaults:5 | Bought a potion of heal wounds for 110 gold pieces
 45581 | Vaults:5 | Bought a potion of heal wounds for 110 gold pieces
 45839 | Vaults:5 | Found the +1 robe of Vines {NoPotionHeal Regen++++}
 46076 | Depths:1 | Entered Level 1 of the Depths
 46104 | Depths:1 | Found a gateway to Hell.
 46135 | Depths:1 | magus.rc [v1.9.6]
 46412 | Depths:1 | Reached XP level 23. HP: 159/194 MP: 23/23
 46627 | Depths:1 | Reached skill level 22 in Fighting
 46960 | Depths:1 | Found a one-way gate to the infinite horrors of the Abyss.
 47221 | Depths:2 | Reached skill level 22 in Shields
 47230 | Depths:2 | Reached skill level 16 in Axes
 47247 | Depths:2 | Found a one-way gateway to a ziggurat.
 47344 | Depths:2 | Found a one-way gate leading to the halls of Pandemonium.
 47909 | Depths:2 | Found the +1 cloak of Starlight {*Dazzle EV+4 Stlth--}
 48134 | Depths:2 | Reached skill level 17 in Axes
 48323 | Depths:3 | Noticed Mennas
 48329 | Depths:3 | Noticed Sojobo
 48335 | Depths:3 | Killed Mennas
 48336 | Depths:3 | Paralysed by an air elemental for 1 turns
 48343 | Depths:3 | Paralysed by an air elemental for 1 turns
 48351 | Depths:3 | Paralysed by an air elemental for 1 turns
 48390 | Depths:3 | Killed Sojobo
 48474 | Depths:3 | Found Ynwyph's Magic Scroll Shop.
 48477 | Depths:3 | Found Suetuled's Weapon Shop.
 48477 | Depths:3 | Found Hoziapa's Armour Boutique.
 48479 | Depths:3 | You pick up a book of Dreams and begin reading...
 48479 | Depths:3 | You add the spells Jinxbite and Anguish to your library.
 48483 | Depths:3 | Bought a scroll of enchant weapon for 165 gold pieces
 48484 | Depths:3 | Found Galeetz's Weapon Boutique.
 48568 | Depths:3 | Found a broken altar of Ashenzari.
 48787 | Depths:3 | Noticed a juggernaut
 48797 | Depths:3 | Killed a juggernaut
 48808 | Depths:3 | Reached skill level 18 in Axes
 48877 | Depths:3 | You pick up a book of Blasting and begin reading...
 49202 | Depths:4 | Entered Level 4 of the Depths
 49207 | Depths:4 | Identified the maw talisman "Ynweigh" {rF+ rN+ Int+3}
 49442 | Depths:4 | Reached skill level 19 in Axes
 49535 | Depths:4 | Noticed a juggernaut
 49539 | Depths:4 | Killed a juggernaut
 49589 | Depths:4 | Gained mutation: A meltable icy envelope protects you from
                  | harm. (AC +8) [demonic ancestry]
 49589 | Depths:4 | Reached XP level 24. HP: 203/210 MP: 23/23
 49615 | Depths:4 | Found a gate to the Realm of Zot.
 50038 | Zot:1    | Entered Level 1 of the Realm of Zot
 50063 | Zot:1    | Reached skill level 20 in Axes
 51087 | Zot:4    | Reached skill level 23 in Shields
 51102 | Zot:4    | Noticed an electric golem
 51108 | Zot:4    | Killed an electric golem
 51317 | Zot:4    | You pick up a book of Blasting and begin reading...
 51515 | Zot:4    | You pick up a book of Spatial Translocations and begin
                  | reading...
 51515 | Zot:4    | You add the spells Blink and Lesser Beckoning to your
                  | library.
 51526 | Zot:5    | Entered Level 5 of the Realm of Zot
 51594 | Zot:5    | You pick up a book of the Senses and begin reading...
 51828 | Zot:5    | Noticed a dread lich
 51838 | Zot:5    | Killed a dread lich
 51841 | Zot:5    | Noticed an orb of fire
 51846 | Zot:5    | Lost mutation: Your natural rate of healing is unusually
                  | fast. [an orb of fire]
 51853 | Zot:5    | Noticed a dread lich
 51856 | Zot:5    | Gained mutation: Your magical capacity is low. (-10% MP)
                  | [an orb of fire]
 51857 | Zot:5    | Gained mutation: You are clumsy. (Dex -2) [an orb of fire]
 51857 | Zot:5    | Noticed an ancient lich
 51857 | Zot:5    | Gained mutation: You are vulnerable to cold. (rC-) [an orb
                  | of fire]
 51858 | Zot:5    | Killed an orb of fire
 51867 | Zot:5    | Killed a dread lich
 51868 | Zot:5    | Reached skill level 24 in Shields
 51868 | Zot:5    | Gained mutation: Your magical and physical power is greatly
                  | enhanced at high health. [demonic ancestry]
 51868 | Zot:5    | Reached XP level 25. HP: 165/217 MP: 20/20
 51868 | Zot:5    | Killed an ancient lich
 51871 | Zot:5    | Noticed an orb of fire
 51874 | Zot:5    | Noticed an orb of fire
 51875 | Zot:5    | Noticed an electric golem
 51961 | Zot:4    | Lost mutation: You are clumsy. (Dex -2) [potion of
                  | mutation]
 51961 | Zot:4    | Lost mutation: Your movements are slightly less encumbered
                  | by armour. (ER -2) [potion of mutation]
 51961 | Zot:4    | Gained mutation: You expend magic power (3 MP) to
                  | strengthen your wands. [potion of mutation]
 51961 | Zot:4    | Gained mutation: You have sharp toenails. [potion of
                  | mutation]
 51961 | Zot:4    | Gained mutation: You have an uncontrollable temper. [potion
                  | of mutation]
 51963 | Zot:4    | Lost mutation: Your flesh is heat resistant. (rF+) [potion
                  | of mutation]
 51963 | Zot:4    | Lost mutation: You have sharp toenails. [potion of
                  | mutation]
 51963 | Zot:4    | Gained mutation: Your skin changes colour to match your
                  | surroundings (Stealth+). [potion of mutation]
 51964 | Zot:4    | Lost mutation: You have an uncontrollable temper. [potion
                  | of mutation]
 51964 | Zot:4    | Lost mutation: Your spells are harder to cast, but more
                  | powerful. [potion of mutation]
 51964 | Zot:4    | Gained mutation: You have large cloven feet. [potion of
                  | mutation]
 51964 | Zot:4    | Gained mutation: You are frail. (-10% HP) [potion of
                  | mutation]
 51965 | Zot:4    | Lost mutation: You are vulnerable to cold. (rC-) [potion of
                  | mutation]
 51965 | Zot:4    | Lost mutation: You sometimes lose your temper in combat.
                  | [potion of mutation]
 51965 | Zot:4    | Gained mutation: Your body sometimes deteriorates upon
                  | taking damage. [potion of mutation]
 51965 | Zot:4    | Gained mutation: You are strong-willed. (Will+) [potion of
                  | mutation]
 51965 | Zot:4    | Gained mutation: You possess an exceptional clarity of
                  | mind. [potion of mutation]
 52036 | Zot:5    | Killed an electric golem
 52042 | Zot:5    | Noticed a dread lich
 52045 | Zot:5    | Noticed a dread lich
 52050 | Zot:5    | Killed a dread lich
 52060 | Zot:5    | Killed a dread lich
 52109 | Zot:5    | Killed an orb of fire
 52173 | Zot:5    | Noticed a Killer Klown
 52183 | Zot:5    | Killed a Killer Klown
 52247 | Zot:5    | Noticed a Killer Klown
 52248 | Zot:5    | Noticed a dread lich
 52257 | Zot:5    | Killed a dread lich
 52303 | Zot:5    | Noticed a dread lich
 52316 | Zot:5    | Killed a dread lich
 52317 | Zot:5    | Reached skill level 25 in Shields
 52317 | Zot:5    | Noticed a Killer Klown
 52335 | Zot:5    | Killed a Killer Klown
 52373 | Zot:5    | Got the Orb of Zot
 52399 | Zot:5    | Killed a Killer Klown
 52442 | Zot:4    | Noticed Mucluzet the pandemonium lord
 52833 | D:$      | Escaped with the Orb!

Vanquished Creatures
  6 dread liches (Zot:5)
  2 orbs of fire (Zot:5)
  3 ancient liches
  Mennas (Depths:3)
  2 juggernauts
  Sojobo (Depths:3)
  3 Killer Klowns (Zot:5)
  Margery (Vaults:4)
  5 golden dragons
  A mutant beast (WizLab)
  Arachne (Spider:4)
  2 electric golems
  A bone dragon (Depths:4)
  12 tentacled monstrosities
  Asterion (Spider:3)
  8 liches
  A walking earthen tome (Depths:3)
  25 Orb Guardians
  2 deep elf blademasters (Elf:3)
  9 titans
  A quicksilver dragon (Zot:4)
  2 deep elf master archers (Elf:3)
  A walking divine tome (Depths:4)
  9 sphinxes
  4 death cobs
  A kraken (Shoals:4)
  Polyphemus (Shoals:4)
  An ancient champion (Vaults:3)
  9 tengu reavers
  9 storm dragons
  3 draconian monks
  Ilsuiw (Shoals:3)
  7 shadow dragons
  Aizul (Spider:3)
  10 fire giants
  2 draconian scorchers (Zot:4)
  12 frost giants
  7 draconian knights
  4 deep elf sorcerers
  2 deep elf elementalists (Elf:3)
  3 ghost moths
  2 draconian annihilators
  Louise (D:15)
  13 vault wardens
  2 iron dragons
  A draconian shifter (Depths:4)
  2 formless jellyfish
  2 draconian stormcallers
  8 emperor scorpions
  3 orc warlords
  26 ironbound preservers
  15 very ugly things
  21 stone giants
  A reaper (Depths:2)
  6 ironbound thunderhulks
  8 war gargoyles
  8 deep elf demonologists
  A broodmother (Spider:4)
  Azrael (D:13)
  5 dire elephants
  10 yellow draconians
  4 vampire knights
  6 black draconians
  9 purple draconians
  6 green draconians
  5 red draconians
  A lorocyproca (D:7)
  10 spark wasps
  A minotaur (Gauntlet)
  5 deep elf annihilators
  3 crystal guardians
  A green death (Zot:4)
  3 merfolk javelineers
  10 white draconians
  13 ettins
  2 deep elf death magi (Elf:3)
  A blizzard demon (Zot:5)
  4 entropy weavers
  2 spectral krakens (Shoals:2)
  Fannar (D:9)
  8 merfolk impalers
  6 fire dragons
  6 deep elf high priests
  14 ice dragons
  3 great orbs of eyes
  3 peacekeepers
  8 hydras
  14 yaktaur captains
  3 catoblepae
  5 caustic shrike simulacra (IceCv)
  5 rakshasas
  5 jorogumos
  3 ogre magi
  Erolcha (Orc:1)
  4 ghost crabs
  3 ironbound frosthearts
  28 vault guards
  12 boulder beetles
  16 centaur warriors
  24 dancing weapons
  6 radroaches
  A satyr (Shoals:2)
  3 merfolk aquamancers
  Erica (Lair:1)
  A sphinx skeleton (Vaults:3)
  13 two-headed ogres
  2 alligator snapping turtles (Shoals:4)
  5 merfolk avatars
  10 deep troll earth magi
  10 deep troll shamans
  An alligator (Lair:5)
  A death yak (shapeshifter) (Elf:2)
  3 death yaks
  6 orc high priests
  10 tengu warriors
  5 demonic crawlers
  2 occultists
  A spriggan berserker (Depths:4)
  4 hell knights
  2 titan skeletons (Vaults:3)
  Sonja (Orc:1)
  14 iron trolls
  15 deep elf knights
  A sun moth (Spider:3)
  22 skeletal warriors
  5 skysharks
  A goliath frog (shapeshifter) (WizLab)
  82 deep trolls
  A glowing orange brain (shapeshifter) (WizLab)
  A sixfirhy (D:3)
  14 orb spiders
  2 sea snakes (shapeshifter) (WizLab)
  4 glowing orange brains
  11 sea snakes
  5 pharaoh ants
  2 lindwurms (Vaults:3)
  A swamp dragon (shapeshifter) (WizLab)
  4 orange crystal statues (Orc:2)
  2 orb spiders (shapeshifter) (WizLab)
  3 flayed ghosts
  An obsidian statue (IceCv)
  A bog body (IceCv)
  10 deep elf archers
  5 necromancers
  9 arcanists
  20 ironbound convokers
  4 steelbarb worms
  2 spriggan simulacra (IceCv)
  24 deep elf pyromancers
  22 harpies
  11 orc knights
  12 phantasmal warriors
  A wolf spider (shapeshifter) (WizLab)
  23 deep elf zephyrmancers
  A faun (shapeshifter) (WizLab)
  26 ugly things
  23 wolf spiders
  A frost giant skeleton (Vaults:3)
  4 orc sorcerers
  13 cyclopes
  19 moths of wrath
  12 manticores
  A salamander (Depths:2)
  10 fauns
  An elephant (shapeshifter) (WizLab)
  7 black mambas
  A fire giant skeleton (Vaults:4)
  10 elephants
  24 vault sentinels
  8 water nymphs
  7 merfolk sirens
  A gargoyle (D:13)
  2 torpor snails
  8 large abominations
  A spectral sea snake (Shoals:2)
  6 kobold blastminers (Orc:2)
  A yaktaur (shapeshifter) (Vaults:5)
  11 cane toads
  5 rime drakes
  An elf skeleton (Vaults:3)
  4 anaconda simulacra (IceCv)
  2 efreet (D:13)
  4 komodo dragons
  4 tengu conjurers
  27 yaktaurs
  18 freezing wraiths
  A merfolk (shapeshifter) (WizLab)
  2 ice devils (IceCv)
  7 trolls
  22 merfolk
  8 meliai
  A troll (shapeshifter) (WizLab)
  24 blink frogs
  2 polar bears
  2 wind drakes
  A hornet (D:10)
  Grinder (D:6)
  A tengu simulacrum (Vaults:4)
  3 tyrant leeches
  An alligator simulacrum (IceCv)
  25 tarantellas
  A raiju (Lair:5)
  A spectral manticore (Shoals:2)
  7 dream sheep
  6 glass eyes
  A snapping turtle (shapeshifter) (WizLab)
  28 jumping spiders
  10 snapping turtles
  A flying skull (D:6)
  33 slime creatures
  6 shadows
  3 air elementals
  15 culicivoras
  A wyvern (shapeshifter) (WizLab)
  4 dire elephant simulacra (IceCv)
  68 yaks
  An ettin skeleton (Vaults:3)
  21 water elementals
  2 humans (shapeshifter)
  7 basilisks
  3 fire elementals
  4 humans (D:14)
  A steam dragon (D:9)
  3 wraiths
  A chaos spawn (D:15)
  2 minotaur simulacra (IceCv)
  An iron golem (WizLab)
  7 vampire mosquitoes (D:13)
  50 redbacks
  3 harpy simulacra (IceCv)
  A naga (shapeshifter) (WizLab)
  2 hell hounds (D:13)
  A warg (Orc:2)
  3 acid dragons
  2 acid dragons (shapeshifter) (WizLab)
  A water moccasin (shapeshifter) (D:13)
  A spectral snapping turtle (Shoals:2)
  9 water moccasins
  36 orc warriors
  A sky beast (D:7)
  A black bear (shapeshifter) (WizLab)
  2 ettin simulacra (IceCv)
  An elephant zombie (D:6)
  A black bear (D:6)
  3 ice beasts
  14 boggarts
  9 ogres
  A boggart (shapeshifter) (WizLab)
  16 wolves
  14 centaurs
  12 small abominations
  A phantom (D:6)
  3 kobold brigands
  13 bullfrogs
  5 scorpions
  2 earth elementals (Elf:1)
  2 gnoll sergeants
  2 human skeletons
  15 wights
  5 lindwurm simulacra (IceCv)
  8 killer bees
  4 howler monkeys
  10 electric eels
  A lava snake (Lair:5)
  A jelly (Gauntlet)
  2 centaur zombies (D:6)
  27 orc priests
  3 hounds
  A gnoll bouda (D:9)
  A sleepcap (D:7)
  4 iguanas
  27 orc wizards
  4 scorpion zombies (D:6)
  A killer bee zombie (D:6)
  3 hound zombies (D:6)
  2 howler monkey zombies (D:6)
  16 gnolls
  12 adders
  4 river rats (Sewer)
  A shadow imp (D:8)
  A white imp (D:6)
  5 worms
  2 dart slugs
  69 orcs
  An endoplasm (shapeshifter) (WizLab)
  5 endoplasms
  A giant cockroach (D:1)
  A giant cockroach (shapeshifter) (Depths:3)
  9 goblins
  6 hobgoblins
  A hobgoblin (shapeshifter) (D:13)
  6 jackals
  A jackal (shapeshifter) (Vaults:5)
  9 kobolds
  A kobold (shapeshifter) (D:15)
  5 quokkas
  A ball python (shapeshifter) (WizLab)
  11 ball pythons
  A bat (shapeshifter) (WizLab)
  5 bats
  7 frilled lizards
  2 goblins (shapeshifter)
  31 rats
  5 tentacles
2146 creatures vanquished.

Vanquished Creatures (others)
  Boris (Vaults:2)
  A lich (Zot:4)
  An Orb Guardian (Zot:5)
  A vault warden (Vaults:2)
  An emperor scorpion (Spider:4)
  A draconian stormcaller (Zot:5)
  A draconian annihilator (Zot:5)
  A red draconian (Zot:5)
  A deep elf annihilator (Vaults:5)
  A merfolk impaler (Shoals:4)
  A vault guard (D:14)
  2 hydras
  A centaur warrior (Vaults:1)
  2 dancing weapons (Elf:2)
  2 boulder beetles
  A deep elf knight (Elf:2)
  A sun moth (Spider:2)
  4 deep trolls
  A skeletal warrior (D:15)
  An arcanist (Vaults:3)
  An orc knight (Orc:2)
  A harpy (Vaults:1)
  A deep elf zephyrmancer (Elf:2)
  2 manticores
  2 cyclopes (D:15)
  A moth of wrath (Zot:5)
  2 wolf spiders
  A cane toad (Lair:5)
  A komodo dragon (Lair:2)
  A troll (D:10)
  A tyrant leech (Spider:2)
  A spectral merfolk (Shoals:2)
  A culicivora (Spider:4)
  A slime creature (Vaults:1)
  3 jumping spiders
  A yak (D:10)
  A redback (Spider:4)
  3 centaurs
  A boggart (D:15)
  An earth elemental (Elf:2)
  A lava snake (Lair:5)
  A killer bee zombie (D:6)
  4 orcs
  20 tentacles
79 creatures vanquished.

Grand Total: 2225 creatures vanquished

Table legend:
 A = Non-vault XP
 B = Vault XP
 C = Vault XP percentage of total XP
 D = Non-vault monster count
 E = Vault monster count
 F = Vault count percentage of total count
                 A         B        C        D         E       F
            +---------+---------+-------+---------+---------+-------
      Total |  582382 |  641902 |  52.4 |    1250 |     933 |  42.7
            +---------+---------+-------+---------+---------+-------
        D:1 |      48 |       0 |   0.0 |      29 |       0 |   0.0
        D:2 |      38 |       7 |  15.6 |      12 |       3 |  20.0
        D:3 |      11 |       5 |  31.2 |       5 |       2 |  28.6
        D:4 |     394 |      15 |   3.7 |      12 |       3 |  20.0
        D:5 |     399 |       0 |   0.0 |      13 |       0 |   0.0
        D:6 |    1100 |    1128 |  50.6 |      25 |      16 |  39.0
        D:7 |    1012 |    2500 |  71.2 |      16 |       8 |  33.3
        D:8 |     751 |       0 |   0.0 |      20 |       0 |   0.0
        D:9 |    3869 |    2686 |  41.0 |      40 |      23 |  36.5
       D:10 |    5699 |    9916 |  63.5 |      25 |      29 |  53.7
       D:11 |    4298 |     240 |   5.3 |       8 |       2 |  20.0
       D:12 |    5332 |       0 |   0.0 |      28 |       0 |   0.0
       D:13 |    8321 |   19175 |  69.7 |      25 |      39 |  60.9
       D:14 |    9289 |    3174 |  25.5 |      27 |       7 |  20.6
       D:15 |   12161 |    6521 |  34.9 |      36 |      12 |  25.0
     Lair:1 |    4912 |     821 |  14.3 |      25 |       1 |   3.8
     Lair:2 |    2911 |    4162 |  58.8 |      11 |      20 |  64.5
     Lair:3 |    6952 |     537 |   7.2 |      30 |       2 |   6.2
     Lair:4 |    7063 |     189 |   2.6 |      20 |       1 |   4.8
     Lair:5 |   11550 |    3877 |  25.1 |      34 |      16 |  32.0
   Shoals:1 |   10369 |       0 |   0.0 |      24 |       0 |   0.0
   Shoals:2 |   13664 |    5410 |  28.4 |      30 |       9 |  23.1
   Shoals:3 |   12106 |    3728 |  23.5 |      26 |       6 |  18.8
   Shoals:4 |   13845 |   24210 |  63.6 |      27 |      36 |  57.1
   Spider:1 |   10587 |     409 |   3.7 |      33 |       2 |   5.7
   Spider:2 |   17514 |    3949 |  18.4 |      44 |       9 |  17.0
   Spider:3 |   15209 |    2378 |  13.5 |      37 |       3 |   7.5
   Spider:4 |   25489 |   19848 |  43.8 |      53 |      39 |  42.4
      Orc:1 |     965 |    2240 |  69.9 |      24 |       3 |  11.1
      Orc:2 |    3022 |   10889 |  78.3 |      22 |      33 |  60.0
      Elf:1 |   14802 |   19866 |  57.3 |      26 |      42 |  61.8
      Elf:2 |    6903 |   24481 |  78.0 |      13 |      38 |  74.5
      Elf:3 |    7909 |   24125 |  75.3 |      17 |      21 |  55.3
   Vaults:1 |   33677 |   10338 |  23.5 |      55 |      20 |  26.7
   Vaults:2 |   12880 |   27469 |  68.1 |      24 |      33 |  57.9
   Vaults:3 |   31119 |   31094 |  50.0 |      50 |      42 |  45.7
   Vaults:4 |   40501 |   33748 |  45.5 |      66 |      38 |  36.5
   Vaults:5 |   20753 |   99173 |  82.7 |      23 |      88 |  79.3
   Depths:1 |   38138 |    1183 |   3.0 |      49 |       1 |   2.0
   Depths:2 |   31855 |    6219 |  16.3 |      37 |       7 |  15.9
   Depths:3 |   12812 |   37918 |  74.7 |      12 |      27 |  69.2
   Depths:4 |   34187 |   17406 |  33.7 |      33 |      16 |  32.7
      Zot:1 |   24933 |       0 |   0.0 |      22 |       0 |   0.0
      Zot:2 |    1896 |       0 |   0.0 |       2 |       0 |   0.0
      Zot:3 |       0 |    1263 | 100.0 |       0 |       1 | 100.0
      Zot:4 |   31957 |   31711 |  49.8 |      28 |      29 |  50.9
      Zot:5 |   28946 |   97757 |  77.2 |      31 |      38 |  55.1
      Sewer |       0 |     353 | 100.0 |       0 |      54 | 100.0
      IceCv |       0 |   19931 | 100.0 |       0 |      51 | 100.0
     WizLab |       0 |   25546 | 100.0 |       0 |      54 | 100.0
   Gauntlet |     234 |    4307 |  94.8 |       1 |       9 |  90.0
            +---------+---------+-------+---------+---------+-------

Skill      XL: |  1  2  3  4  5  6  7  8  9 10 11 12 13 14 15 16 17 18 19 20 21 22 23 24 25 |
---------------+----------------------------------------------------------------------------+-----
Stealth        | 1 2 0 |  0.0
Maces & Flails | 3 4 5 6 7 8 12 13 14 | 14.0
Fighting       | 4 5 7 9 10 12 13 14 16 18 20 21 22 | 22.0
Dodging        | 3 5 6 8 9 10 11 12 14 16 | 16.0
Armour         | 2 4 5 6 0 |  0.0
Shields        | 5 12 13 16 17 20 21 22 24 25 | 25.4
Axes           | 10 14 15 19 20 | 20.4
Throwing       | |  1.7

Action                     |  1- 3 |  4- 6 |  7- 9 | 10-12 | 13-15 | 16-18 | 19-21 | 22-24 | 25-27 || total
---------------------------+-------+-------+-------+-------+-------+-------+-------+-------+-------++-------
  Melee: Flail             |   158 |   226 |   373 |   790 |  2322 |  1133 |       |       |       ||  5002
         Punch             |       |     3 |     8 |    13 |    28 |       |       |       |       ||    52
         Touch             |       |       |   101 |   211 |   408 |       |       |       |       ||   720
         Tailslap          |       |       |    66 |   170 |   552 |   477 |   211 |   251 |    34 ||  1761
         Broad axe         |       |       |       |       |       |   898 |   944 |   993 |   146 ||  2981
  Throw: Javelin           |     1 |     1 |     2 |     9 |     5 |       |       |       |       ||    18
         Throwing net      |       |     3 |       |       |       |       |       |       |       ||     3
         Dart              |       |       |       |     2 |       |       |       |       |       ||     2
 Invoke: Sacrifice Arcana  |       |     1 |       |       |       |       |       |       |       ||     1
         Sacrifice Artific |       |       |     1 |       |       |       |       |       |       ||     1
         Sacrifice Love    |       |       |       |     1 |       |       |       |       |       ||     1
         Draw Out Power    |       |       |       |     3 |     4 |     3 |     3 |     2 |     1 ||    16
         Apocalypse        |       |       |       |     1 |     4 |     8 |     9 |    10 |       ||    32
         Sacrifice Durabil |       |       |       |     1 |       |       |       |       |       ||     1
         Reject Sacrifices |       |       |       |     1 |       |       |       |       |       ||     1
         Sacrifice Stealth |       |       |       |       |     1 |       |       |       |       ||     1
    Use: Scroll            |     5 |     3 |    17 |     3 |     7 |     7 |     7 |     9 |     2 ||    60
         Potion            |       |     1 |       |     2 |     4 |     6 |    11 |     5 |    10 ||    39
   Stab: Sleeping          |     6 |       |     3 |     6 |     1 |       |       |       |       ||    16
         Held in net/web   |       |     3 |       |       |       |       |       |       |       ||     3
         Distracted        |       |       |     1 |       |    15 |    16 |     5 |     7 |     2 ||    46
         Invisible         |       |       |     1 |     9 |    15 |    19 |     2 |     6 |     9 ||    61
         Petrified         |       |       |       |       |     4 |     5 |       |       |       ||     9
         Paralysed         |       |       |       |       |     6 |    21 |    21 |    20 |       ||    68
         Confused          |       |       |       |       |       |     1 |       |       |       ||     1
         Petrifying        |       |       |       |       |       |       |       |     1 |       ||     1
 Armour: Leather armour    |    65 |     2 |       |       |       |       |       |   260 |    30 ||   357
         Ring mail         |       |   131 |   190 |   319 |   667 |   355 |       |       |       ||  1662
         Robe              |       |       |       |       |       |   199 |   221 |    58 |       ||   478
  Dodge: Dodged            |    90 |   187 |   302 |   519 |  1298 |   637 |   261 |   327 |    27 ||  3648
  Block: Other             |    29 |    39 |    59 |   101 |   216 |       |       |       |       ||   444
         Tower shield      |       |       |       |       |   786 |  3528 |  1157 |  1446 |   130 ||  7047
         Buckler           |       |       |       |       |     3 |       |       |       |       ||     3

Illustrated notes

Table legend:
 A = Kills in this place as a percentage of kills in the entire game.
 B = Kills by you in this place as a percentage of kills by you in the entire game.
 C = Kills by friends in this place as a percentage of kills by friends in the entire game.
 D = Other kills in this place as a percentage of other kills in the entire game.
 E = Experience gained in this place as a percentage of experience gained in the entire game.
 F = Experience gained in this place divided by the number of levels of this place that you have seen.
                   A       B       C       D       E      F
               +-------+-------+-------+-------+-------+----------------------
         Total | 100.0 | 100.0 |   N/A | 100.0 | 100.0 | 23649.6
       Dungeon |  21.4 |  21.3 |   N/A |  25.0 |   8.1 | 6667.3
          Lair |   7.3 |   7.3 |   N/A |   6.2 |   3.5 | 8594.8
        Shoals |   7.2 |   7.3 |   N/A |   4.2 |   6.8 | 20833.0
   Spider Nest |  10.1 |   9.8 |   N/A |  22.9 |   7.8 | 23845.8
  Orcish Mines |   3.7 |   3.8 |   N/A |   2.1 |   1.4 | 8558.0
   Elven Halls |   7.2 |   7.1 |   N/A |   8.3 |   8.0 | 32695.3
        Vaults |  20.1 |  20.0 |   N/A |  20.8 |  27.7 | 68150.4
        Depths |   8.4 |   8.5 |   N/A |   0.0 |  14.8 | 45352.0
           Zot |   7.0 |   6.9 |   N/A |  10.4 |  17.9 | 44069.8
         Sewer |   2.5 |   2.5 |   N/A |   0.0 |   0.0 | 353.0
      Ice Cave |   2.3 |   2.4 |   N/A |   0.0 |   1.6 | 19931.0
        Wizlab |   2.5 |   2.5 |   N/A |   0.0 |   2.1 | 25546.0
      Gauntlet |   0.5 |   0.5 |   N/A |   0.0 |   0.4 | 4541.0
               +-------+-------+-------+-------+-------+----------------------

Table legend: (Time is in decaauts)
 A = Elapsed time spent in this place.
 B = Non-inter-level travel time spent in this place.
 C = Inter-level travel time spent in this place.
 D = Time resting spent in this place.
 E = Time spent auto-exploring this place.
 F = Levels seen in this place.
 G = Mean time per level.
                   A        B        C        D        E       F      G
               +--------+--------+--------+--------+--------+-----+--------+
         Total |  53422 |  49452 |   3970 |   4576 |  28829 |  52 | 1027.3 |
       Dungeon |  16689 |  15030 |   1659 |   1043 |   9194 |  15 | 1112.6 |
          Lair |   5377 |   4877 |    500 |    385 |   3178 |   5 | 1075.4 |
        Shoals |   4109 |   3928 |    181 |    188 |   2680 |   4 | 1027.2 |
   Spider Nest |   5346 |   4902 |    444 |    621 |   2196 |   4 | 1336.5 |
  Orcish Mines |   2680 |   2343 |    337 |    607 |    939 |   2 | 1340.0 |
   Elven Halls |   2989 |   2778 |    211 |    135 |   1708 |   3 |  996.3 |
        Vaults |   6744 |   6308 |    436 |    601 |   4102 |   5 | 1348.8 |
        Depths |   4172 |   4017 |    155 |    295 |   2804 |   4 | 1043.0 |
           Zot |   2496 |   2452 |     44 |    225 |   1278 |   5 |  499.2 |
        Bazaar |     33 |     33 |      0 |      0 |      0 |   1 |   33.0 |
         Sewer |    840 |    840 |      0 |    159 |    130 |   1 |  840.0 |
      Ice Cave |    862 |    862 |      0 |    256 |    162 |   1 |  862.0 |
        Wizlab |    683 |    683 |      0 |     44 |    331 |   1 |  683.0 |
      Gauntlet |    396 |    396 |      0 |     14 |    124 |   1 |  396.0 |
               +--------+--------+--------+--------+--------+-----+--------+

Top non-repeatable levels by time:
    D:10: 1967 daAuts
Spider:2: 1880 daAuts
    D:15: 1594 daAuts
  Lair:2: 1561 daAuts
    D:14: 1528 daAuts
     D:9: 1507 daAuts
Vaults:3: 1463 daAuts
    D:13: 1460 daAuts
   Orc:2: 1449 daAuts
Vaults:1: 1401 daAuts
   Zot:4: 1381 daAuts
Spider:3: 1346 daAuts
Vaults:4: 1317 daAuts
Vaults:5: 1290 daAuts
Vaults:2: 1271 daAuts
